 Dungeon Crawl Stone Soup version 0.26.0-15-gc6cd9f700b (webtiles) character file.

Game seed: 1570568087310237481

287 teolandon225 the Chopper (level 6, 0/84 HPs)
             Began as a Hill Orc Monk on Jan 16, 2021.
             Slain by Pikel
             ... wielding a +1 whip of electrocution
              (20 damage)
             ... on level 4 of the Dungeon.
             The game lasted 00:06:54 (6429 turns).

teolandon225 the Chopper (Hill Orc Monk)            Turns: 6429, Time: 00:06:55

Health: 0/84       AC: 23    Str: 16    XL:     6   Next: 30%
Magic:  6/6        EV:  2    Int: 10    God:
Gold:   203        SH:  0    Dex: 13    Spells: 5/5 levels left

rFire    . . .     SeeInvis .   a - +1 hand axe
rCold    . . .     Faith    .   (no shield)
rNeg     + + +     Spirit   .   (armour currently unavailable)
rPois    +         Reflect  .   (helmet currently unavailable)
rElec    .         Harm     .   (cloak currently unavailable)
rCorr    .         Rampage  .   (gloves currently unavailable)
Will     .....     NoTele   +   (boots currently unavailable)
Stlth    ++........             (no amulet)
HPRegen  0.24/turn              (no ring)
MPRegen  0.10/turn              f - ring of wizardry

@: tree-form, hasted, very quick
A: no striking features
a: no special abilities


You were on level 4 of the Dungeon.
You were a tree.
You visited 1 branch of the dungeon, and saw 4 of its levels.

You collected 203 gold pieces.

Inventory:

Hand Weapons
 a - a +1 hand axe (weapon)
Armour
 b - a +0 robe
 c - a +1 leather armour
 j - a +0 scale mail
 q - a +0 helmet (melded)
 s - a +0 plate armour (melded)
Jewellery
 f - a ring of wizardry (right branch)
 h - an uncursed ring of resist corrosion {unknown}
 l - an uncursed ring of protection from cold {unknown}
 p - an uncursed ring of flight {unknown}
Wands
 o - a wand of polymorph (10)
 t - a wand of enslavement (12)
 u - a wand of acid (12)
Scrolls
 e - 7 scrolls of identify
 m - 5 scrolls of teleportation
 n - 2 scrolls of remove curse
 r - a scroll of amnesia
Potions
 i - 3 potions of heal wounds
 k - a potion of haste


   Skills:
 + Level 5.1 Fighting
 * Level 6.1 Axes
 + Level 2.5 Armour
 + Level 3.5 Dodging
 - Level 1.5 Stealth


You had 5 spell levels left.
You didn't know any spells.
Your spell library was empty.

Dungeon Overview and Level Annotations

Branches:
Dungeon (4/15)
 Temple: D:4-7

Altars:
Cheibriados
Dithmenos

Annotations:
D:4 Pikel


Message History

You hit Pikel but do no damage.
Pikel is lightly wounded.
You barely miss Pikel.
Pikel is lightly wounded.
Pikel says, "You'll make a fine lemure."
Pikel hits you but does no damage.
You are electrocuted!
* * * LOW HITPOINT WARNING * * *
You hit Pikel.
Pikel is lightly wounded.
Pikel hits you but does no damage.
As you read the scroll labelled BAC MIAMIRY, it crumbles to dust.
It is a scroll of identify.
r - a scroll of amnesia Pikel barely misses you.
You barely miss Pikel.
Pikel is lightly wounded.
You closely miss Pikel.
Pikel is lightly wounded.
Pikel hits you but does no damage.
You are electrocuted!!
You die...

#########.###.# #.#
# #.............#
#.# #
#......##.##### #.#
# #......##.#
###.##### #####
###'#####.#
#.[...... ....# #.#
#.# #.#.##### ....#
#.# #.# #.#.....#
....# #.#
#.########.#####.#
....# #.#
#♣#..........# #.#
....# #.#
#K#.######.#.###.#
....# #.#####.#.#
#.#.#.... #####
#.#.......#
#.#.#.#.# #
#.#.###...#
#.#.#.#.# #
####.#.#.....#
#.#.#.#.# #
#....#.#.....#
#.#.#.#.#
#######.####.#.....#
#.#.#.#.#
...........†.#.....#
#.#.#.#..


You could see Pikel.

Vanquished Creatures
  4 lemures (D:4)
  An iguana (D:4)
  2 worker ants (D:4)
  Robin (D:2)
  6 adders
  3 gnolls (D:2)
  3 dart slugs
  2 leopard geckos (D:1)
  16 orcs
  3 ball pythons
  7 bats
  2 giant cockroaches
  11 hobgoblins
  7 jackals
  A quokka (D:4)
  5 frilled lizards
  12 goblins
  8 kobolds
  5 rats (D:1)
99 creatures vanquished.

Notes
Turn   | Place    | Note
-------+----------+-------------------------------------------
     0 | D:1      | teolandon225 the Hill Orc Monk began the quest for the Orb.
     0 | D:1      | Reached XP level 1. HP: 19/19 MP: 1/1
   252 | D:1      | Reached XP level 2. HP: 12/27 MP: 2/2
  1070 | D:1      | Reached XP level 3. HP: 29/33 MP: 3/3
  1314 | D:2      | Reached skill level 1 in Armour
  1754 | D:2      | Reached XP level 4. HP: 41/41 MP: 4/4
  2810 | D:3      | Reached skill level 5 in Axes
  2976 | D:3      | Found a shadowy altar of Dithmenos.
  3049 | D:3      | Reached XP level 5. HP: 20/47 MP: 5/5
  4284 | D:2      | Noticed Robin
  4304 | D:2      | Killed Robin
  4560 | D:4      | Found a snail-covered altar of Cheibriados.
  4747 | D:4      | Reached skill level 5 in Fighting
  4747 | D:4      | Reached XP level 6. HP: 43/56 MP: 6/6
  4969 | D:4      | Reached skill level 6 in Axes
  6406 | D:4      | Noticed Pikel
  6429 | D:4      | Slain by Pikel

Illustrated notes

Levels and vault maps discovered:
D:1:      minmay_arrival_shattered_statue, layout_loops_ring
D:2:      layout_loops_cross, uniq_robin
D:3:      layout_basic, nicolae_dithmenos_shadow_blocks,
          minmay_misc_feat_columns
D:4:      layout_basic, old_standard_altar, uniq_pikel

Skill      XL: |  1  2  3  4  5  6 |
---------------+-------------------+-----
Fighting       | 4 5 |  5.1
Armour         | 1 2 |  2.5
Dodging        | 3 |  3.5
Axes           | 5 6 |  6.1
Stealth        | |  1.5

Action                   |  1- 3 |  4- 6 || total
-------------------------+-------+-------++-------
Melee: Hand axe          |   111 |   336 ||   447
  Use: Scroll            |     2 |     5 ||     7
       Potion            |       |     4 ||     4
 Stab: Sleeping          |     3 |       ||     3
Armor: Robe              |     3 |       ||     3
       Leather armour    |    34 |    14 ||    48
       Scale mail        |       |    49 ||    49
       Plate armour      |       |    49 ||    49
       Skin              |       |     9 ||     9
Dodge: Dodged            |    85 |   157 ||   242
